 Dungeon Crawl Stone Soup version 0.30-b1-2-g02819fbbbe (webtiles) character file.

Game seed: 1152525318013471472

2587 Barriton the Arsonist (level 9, -18/55 HPs)
             Began as a Black Draconian Fire Elementalist on May 15, 2023.
             Killed from afar by Pikel (25 damage)
             ... with a bolt of light
             ... on level 7 of the Dungeon.
             The game lasted 00:10:54 (5701 turns).

Barriton the Arsonist (DrFE)                        Turns: 5701, Time: 00:10:54

Health: -18/55     AC:  7    Str: 10    XL:     9   Next: 32%
Magic:  17/21      EV: 12    Int: 18    God:
Gold:   293        SH:  0    Dex: 16    Spells: 17/24 levels left

rFire   . .          .
                       - Unarmed
rCold   x . .        (no shield)
rNeg    . . .        (body armour unavailable)
rPois   .            (helmet restricted)
rElec   +            (no cloak)
rCorr   .            (no gloves)
SInv    +            (no boots)
Will    .....        e - amulet of magic regeneration
Stlth   ++           k - ring of see invisible
HPRegen 0.29/turn    (no ring)
MPRegen 0.57/turn

%: no passive effects
@: brilliant
A: breathe lightning, AC +7, unfitting armour, electricity resistance,
cold-blooded, agile 1, frail 1, cold vulnerability 1
a: Breathe Lightning


You were on level 7 of the Dungeon.
You visited 1 branch of the dungeon, and saw 7 of its levels.

You collected 293 gold pieces.

Inventory:

Missiles
 b - a throwing net
Jewellery
 e - an amulet of magic regeneration (around neck)
 k - a ring of see invisible (left hand)
 y - a +6 ring of dexterity
Wands
 p - a wand of flame (13)
 w - a wand of charming (13)
Scrolls
 f - a scroll of amnesia
 m - 2 scrolls of vulnerability
 o - a scroll of silence
 r - 3 scrolls of poison
 s - a scroll of acquirement {unknown}
 t - a scroll of fog {unknown}
 v - a scroll of enchant armour
 x - a scroll of enchant weapon
Potions
 a - a potion of magic
 d - 2 potions of cancellation
 g - 4 potions of lignification
 h - 2 potions of brilliance
 i - a potion of haste {unknown}
 j - 5 potions of curing
 l - 3 potions of might
 n - 3 potions of attraction
 q - 2 potions of degeneration {unknown}
 u - a potion of flight {unknown}


   Skills:
 + Level 0.1 Fighting
 + Level 2.3 Dodging
 + Level 2.6 Stealth
 + Level 1.5 Unarmed Combat
 + Level 8.2 Spellcasting
 + Level 3.8 Conjurations
 + Level 8.4 Fire Magic


You had 17 spell levels left.
You knew the following spells:

 Your Spells              Type           Power      Damage    Failure   Level
a - Foxfire               Conj/Fire      100%       2x1d9     1%          1
b - Scorch                Fire           100%       2d9       1%          2
c - Flame Wave            Conj/Fire      44%        2d11      8%          4

Your spell library contained the following spells:

 Spells                   Type           Power      Damage    Failure   Level
 Inner Flame              Hex/Fire       33%        N/A       4%          3
 Volatile Blastmotes      Fire/Tloc      66%        2d15      4%          3
 Dazzling Flash           Conj/Hex       42%        N/A       13%         3
 Cigotuvi's Dreadful Rot  Necr/Pois/Air  22%        N/A       14%         2
 Iskenderun's Mystic Bla  Conj/Tloc      21%        2d6       38%         4
 Dispel Undead            Necr           11%        3d9       67%         4
 Starburst                Conj/Fire      22%        6d7       75%         6
 Death Channel            Necr           5%         N/A       100%        6
 Summon Cactus Giant      Summ           5%         N/A       100%        6


Dungeon Overview and Level Annotations

Branches:
Dungeon (7/15)             Temple (0/1) D:7

Altars:
Ashenzari
Okawaru
Sif Muna

Annotations:
D:7 Pikel


Innate Abilities, Weirdness & Mutations

You can breathe wild blasts of lightning.
Your glossy black scales are hard. (AC +7)
You cannot fit into any form of body armour.
You are resistant to electric shocks. (rElec)
You are cold-blooded and may be slowed by cold attacks.
You are agile. (Dex +4, Str/Int -1)
You are frail. (-10% HP)
You are vulnerable to cold. (rC-)


Message History

You feel yourself speed up.
Pikel says, "It's all about the gold, really."
Pikel hits you with a +2 whip of freezing.
Pikel freezes you.
There is an open door here.
You feel clever all of a sudden.
Pikel hits you with a +2 whip of freezing!
Pikel freezes you!
* * * LOW HITPOINT WARNING * * *
You feel much better. Pikel closely misses you.
Okay, then.
Casting: Flame Wave (dangerous; 8% risk of failure)
Confirm with . or Enter, or press ? or * to list all spells.
You feel a surge of power!
You conjure some foxfire!
Pikel hits you but does no damage.
Casting: Foxfire (safe; 1% risk of failure)
Confirm with . or Enter, or press ? or * to list all spells.
You feel a surge of power!
Flames lash the lemure.
The lemure is moderately wounded.
The lemure's fire resistance burns away.
Pikel zaps a wand.
The bolt of light hits you!!
You are confused.
* * * LOW HITPOINT WARNING * * *
You're too confused to move!
Pikel hits you with a +2 whip of freezing!
* * * LOW HITPOINT WARNING * * *
Pikel freezes you.
* * * LOW HITPOINT WARNING * * *
You are too confused!
Unknown command.
You are too confused!
You are too confused!
You feel less confused.
Your foxfire dissipates! x2
Pikel zaps a wand.
The bolt of light misses you.
Pikel zaps a wand.
The bolt of light misses you.
The lemure is no longer more vulnerable to fire.
Pikel zaps a wand.
The bolt of light misses you.
Pikel zaps a wand.
The bolt of light hits you!!
You die...

.........#.....#....#.###.#######
.........###5###....#.#..........
.............5......#.#.#.#######
..)...........5.....#.#.#.## ###
......>......5.K....#.#.#..# #..
#†#######...........#.#.##.####..
...# #...........#.#.##...##..
...######...........#.#.####.####
..............#.@...#.#.# #.## #
'##############.#####'#.####..# #
.# #.# #.......##.# .# #.#
#.......##.### .# #.#
#.......+..... .# #.#
#.......##.... .#
#######'####.......##.... .#
#.........##.......##.... .#
#.........###+#######<...


You could see Pikel (strong) and 4 lemures.

Vanquished Creatures
  Maggie (D:7)
  Menkaure (D:7)
  3 water moccasins (D:7)
  A sky beast (D:7)
  4 ogres
  2 phantoms (D:5)
  A kobold brigand (D:7)
  2 bullfrogs
  2 scorpions
  3 wights (D:7)
  A howler monkey (D:7)
  4 hounds
  3 jellies (D:5)
  Crazy Yiuf (D:2)
  An orc priest (D:6)
  A sleepcap (D:5)
  4 iguanas
  7 orc wizards
  4 gnolls
  8 adders
  A white imp (D:7)
  An ufetubus (D:5)
  A dart slug (D:2)
  21 orcs
  8 ball pythons
  7 bats
  3 endoplasms
  5 giant cockroaches
  8 goblins
  10 hobgoblins
  4 jackals (D:1)
  2 quokkas
  2 frilled lizards
  6 kobolds
  3 rats
136 creatures vanquished.

Vanquished Creatures (collateral kills)
  8 foxfires (D:3)
8 creatures vanquished.

Vanquished Creatures (others)
  An iguana (D:4)
  475 foxfires
476 creatures vanquished.

Grand Total: 620 creatures vanquished

Notes
Turn   | Place    | Note
-------+----------+-------------------------------------------
     0 | D:1      | Barriton the Draconian Fire Elementalist began the quest
                  | for the Orb.
     0 | D:1      | Reached XP level 1. HP: 14/14 MP: 3/3
   148 | D:1      | Reached XP level 2. HP: 20/20 MP: 0/5
   226 | D:1      | Learned a level 2 spell: Scorch
   824 | D:1      | Reached XP level 3. HP: 26/26 MP: 1/6
  1146 | D:2      | Reached skill level 1 in Unarmed Combat
  1155 | D:2      | Reached XP level 4. HP: 16/33 MP: 0/7
  1579 | D:2      | Found a runed translucent door.
  1580 | D:2      | Noticed Crazy Yiuf
  1998 | D:2      | Killed Crazy Yiuf
  2014 | D:2      | Gained mutation: You are agile. (Dex +4, Str/Int -1)
                  | [potion of mutation]
  2014 | D:2      | Gained mutation: You are vulnerable to cold. (rC-) [potion
                  | of mutation]
  2014 | D:2      | Gained mutation: You are frail. (-10% HP) [potion of
                  | mutation]
  2066 | D:3      | Reached XP level 5. HP: 34/34 MP: 6/9
  2225 | D:3      | Found a broken altar of Ashenzari.
  2231 | D:3      | You fall into a shaft and drop 2 floors!
  2231 | D:5      | Entered Level 5 of the Dungeon
  2379 | D:4      | Reached XP level 6. HP: 35/40 MP: 2/11
  2939 | D:4      | Found a shimmering blue altar of Sif Muna.
  3033 | D:4      | Reached skill level 5 in Fire Magic
  3120 | D:4      | Found an iron altar of Okawaru.
  3256 | D:5      | Your scales start taking on a glossy black colour.
  3256 | D:5      | Reached XP level 7. HP: 37/45 MP: 8/13
  3256 | D:5      | Gained mutation: You are resistant to electric shocks.
                  | (rElec) [Black Draconian growth]
  3407 | D:5      | Reached skill level 5 in Spellcasting
  3838 | D:5      | Reached XP level 8. HP: 51/51 MP: 11/16
  4896 | D:7      | Noticed Maggie
  4898 | D:7      | Noticed Menkaure
  4902 | D:7      | Killed Menkaure
  4907 | D:7      | Killed Maggie
  4908 | D:7      | Reached XP level 9. HP: 39/55 MP: 1/20
  5435 | D:7      | Learned a level 4 spell: Flame Wave
  5672 | D:7      | Found a staircase to the Ecumenical Temple.
  5678 | D:7      | Noticed Pikel
  5701 | D:7      | Killed from afar by Pikel

Illustrated notes

Levels and vault maps discovered:
D:1:      scummos_arrival_checkerplants, layout_rooms
D:2:      layout_loops_cross, uniq_crazy_yiuf_cottage
D:3:      layout_rooms, mainiacjoe_overflow_cross_hatched, grunt_decor_arrowhead
D:4:      layout_rooms, okawaru_metal_pillars_1_2,
          mainiacjoe_overflow_six_doors_small, lemuel_flame_loot_1
D:5:      layout_loops_ring, minmay_misc_feat_pillars
D:6:      cheibrodos_quashed, layout_loops_cross
D:7:      layout_basic, minmay_temple_entry_glassed_door, uniq_pikel,
          uniq_maggie, uniq_menkaure

Skill      XL: |  1  2  3  4  5  6  7  8  9 |
---------------+----------------------------+-----
Dodging        | 2 |  2.3
Unarmed Combat | 1 |  1.5
Fire Magic     | 4 5 6 7 8 |  8.4
Spellcasting   | 3 4 5 7 8 |  8.2
Conjurations   | 2 3 |  3.8
Stealth        | 2 |  2.6
Fighting       | |  0.1

Action                     |  1- 3 |  4- 6 |  7- 9 || total
---------------------------+-------+-------+-------++-------
  Melee: Unarmed           |    57 |     5 |       ||    62
         Tailslap          |     5 |     2 |       ||     7
   Cast: Foxfire           |    54 |   143 |   113 ||   310
         Scorch            |       |    24 |    79 ||   103
         Flame Wave        |       |       |     2 ||     2
Ability: Breathe Lightning |       |       |     1 ||     1
    Use: Scroll            |     2 |    12 |     4 ||    18
         Potion            |       |     1 |     3 ||     4
 Armour: Skin              |    38 |     3 |     3 ||    44
  Dodge: Dodged            |    68 |    18 |    24 ||   110
